AoeStats
← Der_BastiFantasti

Arabia

509929783Analyzed
1v1 RM · 3d ago on Sep 28, 2026· 22m 17s· 2 players
Game mode
Random Map
Map size
Tiny (2 player)
Population
200
Speed
Normal
Resources
Standard
Victory
Conquest
Starting age
Dark Age
Ending age
Imperial Age
RankedLock teamsTeams togetherTeam positionsShared explorationLock speedFull tech treeHidden civsTurbo modeCheats
Victory
Defeat
🇩🇪 Romans · Germany
940
+16
🇺🇸 Koreans · United States
937
-16
lovestosplooge
1:26 Loom
12:53 Feudal Age
Der_BastiFantasti
11:05 Feudal Age
11:10 Man-at-Arms
11:47 Double-Bit Axe
11:46 Horse Collar
13:22 Scale Mail Armor
16:14 Forging
19:22 Gold Mining
23:16 Castle Age
Connection lost

Rejoining the realm…

Still unreachable

The connection could not be restored.

Session expired

The server has moved on; the page needs a fresh start.